 Dungeon Crawl Stone Soup version 0.29-a0-25-g7f48f510a0 (webtiles) character file.

Game seed: 8527086081058664617

23431 robertstho the Thaumaturge (level 13, -7/92 HPs)
             Began as a Djinni Fire Elementalist on Jan 28, 2022.
             Was a Believer of Makhleb.
             Mangled by an eight-headed hydra (15 damage)
             ... on level 3 of the Lair of Beasts on Jan 31, 2022.
             The game lasted 00:28:27 (17357 turns).

robertstho the Thaumaturge (DjFE)                  Turns: 17357, Time: 00:28:29

Health: -7/92      AC:  6    Str: 13    XL:     13   Next: 35%
Gold:   912        EV: 12    Int: 28    God:    Makhleb [**....] SH:  0 Dex: 14

rFire   + + +      SeeInvis .   s - staff of fire
rCold   . . .      Faith    .   (no shield)
rNeg    . . .      Spirit   .   l - +0 troll leather armour
rPois   ∞          Reflect  .   c - +0 helmet
rElec   .          Harm     .   e - scarf {rC+ rF+}
rCorr   .          Rampage  .   t - +0 pair of gloves
Will    +....                   (boots unavailable)
Stlth   ++........              (no amulet)
HPRegen 1.05/turn               f - +6 ring of intelligence
MPRegen 0.00/turn               p - +6 ring of strength

@: flying
A: sickness immunity, fire resistance 2, cold vulnerability 1, float, innate
caster, HP casting, extra vitality 1
a: Renounce Religion, Minor Destruction


You were on level 3 of the Lair of Beasts.
You worshipped Makhleb.
Makhleb was pleased with you.
You visited 3 branches of the dungeon, and saw 16 of its levels.

You collected 912 gold pieces.

Inventory:

Hand Weapons
 A - a +2 long sword of holy wrath
 C - a +1 scimitar of protection
Armour
 a - a +2 robe of fire resistance
 c - a +0 helmet (worn)
 e - a scarf of resistance (worn)
 l - a +0 troll leather armour (worn)
 t - a +0 pair of gloves (worn)
Magical Staves
 s - a staff of fire (weapon)
Jewellery
 f - a +6 ring of intelligence (left hand)
 j - a ring of positive energy
 p - a +6 ring of strength (right hand)
 G - a ring of fire
Wands
 o - a wand of mindburst (12)
 u - a wand of iceblast (21)
 y - a wand of acid (9)
 B - a wand of paralysis (6)
Scrolls
 b - 3 scrolls of enchant weapon {unknown}
 d - 4 scrolls of teleportation
 g - 5 scrolls of enchant armour {unknown}
 k - 4 scrolls of blinking {unknown}
 n - 2 scrolls of amnesia {unknown}
 v - 4 scrolls of noise {unknown}
 w - a scroll of summoning
 z - a scroll of magic mapping
 F - a scroll of immolation {unknown}
 H - a scroll of fog
 I - a scroll of brand weapon {unknown}
Potions
 h - 4 potions of brilliance
 m - 3 potions of mutation {unknown}
 q - 5 potions of might
 r - 4 potions of haste
 x - 4 potions of curing
 D - 2 potions of cancellation {unknown}
 E - 2 potions of degeneration {unknown}
 J - a potion of invisibility {unknown}
Miscellaneous
 i - a tin of tremorstones (2/2)


   Skills:
 * Level 7.6 Fighting
 + Level 1.4 Long Blades
 + Level 2.5 Armour
 + Level 3.3 Dodging
 + Level 3.5 Stealth
 * Level 14.7 Spellcasting
 * Level 4.1 Invocations


You had 9 spell levels left.
You knew the following spells:

 Your Spells              Type           Power      Damage    Failure   Level
a - Foxfire               Conj/Fire      100%       2x1d9     0%          1
b - Scorch                Fire           100%       2d10      0%          2
c - Conjure Flame         Conj/Fire      100%       6-21      1%          3
d - Inner Flame           Hex/Fire       100%       N/A       1%          3
e - Flame Wave            Conj/Fire      100%       2d17      1%          4
f - Magic Dart            Conj           100%       1d8       0%          1
g - Call Imp              Summ           80%        N/A       0%          2
h - Frozen Ramparts       Ice            100%       1d12      1%          3
i - Leda's Liquefaction   Hex/Erth       40%        N/A       1%          4
j - Petrify               Tmut/Erth      80%        N/A       1%          4
k - Yara's Violent Unrav  Hex/Tmut       40%        3d16      1%          5
Your spell library was empty.

Dungeon Overview and Level Annotations

Branches:
Dungeon (12/15)            Temple (1/1) D:6            Lair (3/6) D:11
  Snake (0/4) Lair:3          Orc (0/2) D:9
  Swamp: Lair:2-4    Shoals: Lair:2-4

Altars:
Ashenzari
Cheibriados
Dithmenos
Elyvilon
Fedhas
Gozag
Hepliaklqana
Kikubaaqudgha
Makhleb
Nemelex Xobeh
Okawaru
Qazlal
Ru
Sif Muna
Trog
Uskayaw
Vehumet
Wu Jian
Xom
Yredelemnul
Zin
The Shining One
Beogh

Portals:
Abyss: D:11

Annotations:
D:11 2 transporters, pigah's ghost, journeyman OpAE
D:12 Erolcha
Lair:2 1 runed translucent door, DrKleor's ghost, journeyman FoFi


Innate Abilities, Weirdness & Mutations

You are immune to sickness and miasma.
You are immune to poison.
Your flesh is very heat resistant. (rF++)
You are vulnerable to cold. (rC-)
You float through the air rather than walking.
You learn spells naturally, not from books.
Your magical power is your life essence.
You have superior vitality. (+4 MHP)


Message History

You feel a surge of power!
Flames lash the eight-headed hydra.
The eight-headed hydra is burned terribly!
The eight-headed hydra is heavily wounded.
Casting: Scorch (safe; 0% risk of failure)
Confirm with . or Enter, or press ? or * to list all spells.
You feel a surge of power!
Flames lash the eight-headed hydra.
The eight-headed hydra is burned terribly!
The eight-headed hydra is heavily wounded.
The eight-headed hydra is no longer petrified.
Casting: Scorch (safe; 0% risk of failure)
Confirm with . or Enter, or press ? or * to list all spells.
You feel a surge of power!
Flames lash the eight-headed hydra.
The eight-headed hydra is burned terribly!
The eight-headed hydra is severely wounded.
Casting: Scorch (safe; 0% risk of failure)
Confirm with . or Enter, or press ? or * to list all spells.
Aiming: Petrify (safe; 1% risk of failure)
Press: ? - help, Shift-Dir - straight line, f/p - eight-headed hydra
Aim: an eight-headed hydra (severely wounded, more vulnerable to fire, chance to affect: 50%)
The eight-headed hydra resists with some effort.
The eight-headed hydra bites you!
The eight-headed hydra barely misses you.
The eight-headed hydra bites you! The eight-headed hydra bites you.
The eight-headed hydra bites you!
The eight-headed hydra completely misses you.
The eight-headed hydra bites you. The eight-headed hydra misses you.
Casting: Petrify (safe; 1% risk of failure)
Confirm with . or Enter, or press ? or * to list all spells.
Aiming: Petrify (safe; 1% risk of failure)
Press: ? - help, Shift-Dir - straight line, f/p - eight-headed hydra
Aim: an eight-headed hydra (severely wounded, more vulnerable to fire, chance to affect: 50%)
The eight-headed hydra is moving more slowly.
The eight-headed hydra bites you!
The eight-headed hydra barely misses you.
The eight-headed hydra bites you!
* * * LOW HITPOINT WARNING * * *
The eight-headed hydra bites you!
* * * LOW HITPOINT WARNING * * *
The eight-headed hydra bites you!
You die...

...............
............... ..............
#............ ##.........[.
#...<........ . #............
...##....D.......
.....'.|.@........#
#.#.##............# .# ### #
#.............#
#..##.P####.............#
#.......................#
........................#
#.......................#♣♣♣
#..........................♣
##.......................#♣.♣♣


You could see an eight-headed hydra (petrifying, combustible).

Vanquished Creatures
  2 hydras
  A two-headed ogre (D:8)
  A wizard (D:9)
  A deep elf pyromancer (D:9)
  A cyclops (D:11)
  4 cane toads
  A black mamba (Lair:3)
  A gargoyle (D:11)
  An unseen horror (D:11)
  Psyche (D:8)
  3 kobold demonologists (D:10)
  4 komodo dragons
  6 trolls
  Grinder (D:4)
  4 hornets
  A polar bear (Lair:1)
  A shadow (D:10)
  A wyvern (D:11)
  A wraith (D:10)
  9 spriggans (Lair:3)
  A basilisk (Lair:3)
  21 yaks
  5 vampire mosquitoes (D:5)
  Menkaure (D:4)
  4 nagas (Lair:3)
  9 water moccasins
  An acid dragon (D:10)
  A hornet zombie (D:8)
  14 orc warriors
  A sky beast (D:8)
  3 black bears
  A boggart (Lair:3)
  3 ice beasts
  A necrophage (D:6)
  An ogre (D:4)
  4 wolves (Lair:3)
  5 centaurs
  A phantom (D:6)
  Blork the orc (D:4)
  8 bullfrogs
  3 kobold brigands
  A wyvern zombie (D:9)
  A gnoll sergeant (D:9)
  5 scorpions
  2 killer bees (D:9)
  6 wights
  7 howler monkeys
  A crimson imp (D:9)
  2 centaur zombies
  2 bullfrog zombies
  2 jellies
  9 orc priests
  Ijyb (D:4)
  A bullfrog skeleton (D:7)
  2 gnoll shamans
  3 hounds
  An iguana (D:6)
  13 orc wizards
  A killer bee zombie (D:9)
  A howler monkey zombie (D:11)
  8 gnolls
  9 adders
  A shadow imp (D:8)
  2 white imps
  5 ufetubi
  A worm (D:2)
  A dart slug (D:5)
  50 orcs
  5 ball pythons
  6 bats
  12 endoplasms
  7 giant cockroaches
  6 goblins
  8 hobgoblins
  8 jackals
  8 kobolds
  A quokka (D:1)
  6 frilled lizards
  9 rats
348 creatures vanquished.

Vanquished Creatures (collateral kills)
  A foxfire (D:3)
1 creature vanquished.

Vanquished Creatures (others)
  855 foxfires
  5 fungi
  15 plants
875 creatures vanquished.

Grand Total: 1224 creatures vanquished

Notes
Turn   | Place    | Note
-------+----------+-------------------------------------------
     0 | D:1      | robertstho the Djinni Fire Elementalist began the quest for
                  | the Orb.
     0 | D:1      | Reached XP level 1. HP: 15/15 MP: 0/0
   449 | D:1      | Reached XP level 2. HP: 18/21 MP: 0/0
   558 | D:1      | Found a faded altar of an unknown god.
  1061 | D:1      | Reached skill level 3 in Spellcasting
  1193 | D:1      | Reached XP level 3. HP: 22/25 MP: 0/0
  1193 | D:1      | Learned a level 1 spell: Magic Dart
  1951 | D:2      | Reached XP level 4. HP: 26/31 MP: 0/0
  2099 | D:2      | Found a sparkling altar of Nemelex Xobeh.
  3372 | D:3      | Found a glowing silver altar of Zin.
  3985 | D:3      | Reached XP level 5. HP: 34/36 MP: 0/0
  3985 | D:3      | Learned a level 2 spell: Call Imp
  4287 | D:4      | Noticed Grinder
  4296 | D:4      | Killed Grinder
  4297 | D:4      | Reached skill level 1 in Fighting
  4297 | D:4      | Reached skill level 5 in Spellcasting
  4297 | D:4      | Reached XP level 6. HP: 29/42 MP: 0/0
  4300 | D:4      | Noticed an ogre
  4306 | D:4      | Killed an ogre
  4307 | D:4      | Reached XP level 7. HP: 23/47 MP: 0/0
  4307 | D:4      | Learned a level 3 spell: Frozen Ramparts
  4312 | D:4      | Noticed Blork the orc
  4668 | D:4      | Noticed Ijyb
  4675 | D:4      | Killed Ijyb
  4882 | D:4      | Killed Blork the orc
  4883 | D:4      | Reached skill level 6 in Spellcasting
  5246 | D:4      | Found a bloodstained altar of Trog.
  5306 | D:4      | Noticed Menkaure
  5311 | D:4      | Killed Menkaure
  5312 | D:4      | Reached XP level 8. HP: 47/55 MP: 0/0
  5572 | D:5      | Entered Level 5 of the Dungeon
  5867 | D:5      | Reached skill level 7 in Spellcasting
  5924 | D:5      | Reached XP level 9. HP: 38/61 MP: 0/0
  5924 | D:5      | Learned a level 4 spell: Leda's Liquefaction
  6221 | D:5      | Found a glowing golden altar of the Shining One.
  6240 | D:5      | Reached skill level 8 in Spellcasting
  7024 | D:6      | Found a stormy altar of Qazlal.
  7666 | D:6      | Reached skill level 9 in Spellcasting
  7762 | D:6      | Found a staircase to the Ecumenical Temple.
  7782 | Temple   | Entered the Ecumenical Temple
  8579 | D:7      | Reached XP level 10. HP: 54/69 MP: 0/0
  8582 | D:7      | Reached skill level 5 in Fighting
  8975 | D:7      | Found a sacrificial altar of Ru.
  9950 | D:8      | Noticed a two-headed ogre
  9956 | D:8      | Killed a two-headed ogre
  9957 | D:8      | Reached skill level 10 in Spellcasting
 10183 | D:8      | Found a white marble altar of Elyvilon.
 10809 | D:8      | Noticed Psyche
 10815 | D:8      | Killed Psyche
 10878 | D:8      | Reached skill level 11 in Spellcasting
 11070 | D:8      | Found a shimmering altar of Xom.
 11168 | D:8      | Reached XP level 11. HP: 49/76 MP: 0/0
 11168 | D:8      | Learned a level 4 spell: Petrify
 11721 | D:9      | Noticed a deep elf pyromancer
 11731 | D:9      | Found a staircase to the Orcish Mines.
 12201 | D:9      | Noticed a wizard
 12488 | D:9      | Reached skill level 12 in Spellcasting
 12491 | D:9      | Killed a deep elf pyromancer
 12583 | D:9      | Killed a wizard
 13201 | D:9      | Found a burning altar of Makhleb.
 13207 | D:9      | Became a worshipper of Makhleb the Destroyer
 13348 | D:9      | Found an ornate altar of the Wu Jian Council.
 13348 | D:9      | Found a shadowy altar of Dithmenos.
 13348 | D:9      | Found a hazy altar of Hepliaklqana.
 13678 | D:10     | Entered Level 10 of the Dungeon
 13682 | D:10     | Upgraded the game from 0.29-a0-11-ga75d3d97ab to
                  | 0.29-a0-25-g7f48f510a0
 13687 | D:10     | Noticed a sixfirhy
 13689 | D:10     | Reached skill level 1 in Invocations
 13690 | D:10     | Reached * piety under Makhleb
 13826 | D:10     | Reached skill level 1 in Long Blades
 13866 | D:10     | Reached XP level 12. HP: 83/84 MP: 0/0
 13942 | D:10     | Found a sparkling altar of Nemelex Xobeh.
 13992 | D:10     | Reached skill level 1 in Armour
 14076 | D:10     | Reached skill level 13 in Spellcasting
 14376 | D:11     | Found a staircase to the Lair.
 14414 | D:11     | Found a transporter.
 14692 | D:11     | Identified the +1 leather armour "Gougyts" {Dex+5 Stlth+}
 14750 | D:11     | Noticed a seven-headed hydra
 14757 | D:11     | Killed a seven-headed hydra
 14771 | D:11     | Reached ** piety under Makhleb
 15009 | D:11     | Found a transporter.
 15015 | D:11     | Noticed a hell hog
 15050 | D:11     | Noticed pigah's ghost (journeyman OpAE)
 15052 | D:11     | Found a one-way gate to the infinite horrors of the Abyss.
 15158 | D:12     | Noticed Erolcha
 15189 | Lair:1   | Entered Level 1 of the Lair of Beasts
 15513 | Lair:1   | Found a frozen archway.
 15935 | Lair:2   | Found a runed translucent door.
 15937 | Lair:2   | Noticed DrKleor's ghost (journeyman FoFi)
 16133 | Lair:2   | Reached skill level 14 in Spellcasting
 16678 | Lair:3   | Reached XP level 13. HP: 61/90 MP: 0/0
 16678 | Lair:3   | Learned a level 5 spell: Yara's Violent Unravelling
 16706 | Lair:3   | Found a staircase to the Snake Pit.
 17315 | Lair:3   | Noticed a five-headed hydra
 17329 | Lair:3   | Killed a five-headed hydra
 17338 | Lair:3   | Noticed an eight-headed hydra
 17357 | Lair:3   | Mangled by an eight-headed hydra

Illustrated notes

Levels and vault maps discovered:
D:1:      ncdulo_smallfort, layout_loops_ring,
          hellmonk_ecumenical_altar_arch_garden
D:2:      layout_basic, basic_altar, minmay_misc_feat_room, st_stairs_6,
          serial_park_tiny_1, minivault_23
D:3:      minmay_chambers_of_twos, layout_loops_ring, zin_scriptorium,
          guppyfry_early_lair_pool
D:4:      minmay_evil_eye, layout_cave_pools, lightli_temple_of_fire,
          st_stairs_6, minmay_strange_pillars,
          amcnicky_mini_rare_corridor_liquid, hangedman_decor_clover_reticule,
          kennysheep_generic_room_2, uniq_blork_the_orc, uniq_ijyb,
          uniq_grinder, uniq_menkaure
D:5:      layout_basic, lemuel_round_altar
D:6:      layout_layer_cave, nicolae_overflow_crystal_walls,
          minmay_temple_entry_mini_moons, chequers_serial_rivers_micro_b
D:7:      layout_cave_pools, mainiacjoe_overflow_24_doors
D:8:      layout_cave_pods, tgw_xom, kennysheep_mini, kennysheep_small_spiral,
          hangedman_decor_riveting, st_stairs_7, chequers_serial_rivers_small_3,
          uniq_psyche
D:9:      cheibrodos_ideogram_h, layout_loops_ring,
          chequers_temple_overflow_statue_of_worship,
          grunt_temple_overflow_lords_of_destruction, david_orc_5
D:10:     layout_rooms, nemelex_diamond_rough_becter
D:11:     layout_loops_ring, david_lair_generic, gammafunk_ghost_abyssal_escape
D:12:     layout_cave_pools, minivault_7, uniq_erolcha
Temple:   compressed_dpeg_triangle_lava_temple
Lair:1:   layout_roguey, portal_ice_cave_entry_pillars_2, grunt_megastairs_5
Lair:2:   layout_long_grid, gammafunk_ghost_grave, infiniplex_staircase_pool,
          lemuel_fruit_fields, lemuel_fruit_fields, serial_bayou_shore_b
Lair:3:   kb_forest_paths, layout_regular_city,
          minmay_snake_entry_guardpost_small, serial_rivers,
          chequers_serial_rivers_small_a, chequers_serial_rivers_micro_d,
          chequers_serial_rivers_small_a, chequers_serial_rivers_micro_d

Skill      XL: |  1  2  3  4  5  6  7  8  9 10 11 12 13 |
---------------+----------------------------------------+-----
Spellcasting   | 3 5 6 7 9 11 12 14 | 14.7
Stealth        | 2 3 |  3.5
Fighting       | 1 2 3 4 5 6 7 |  7.6
Dodging        | 3 |  3.3
Invocations    | 1 3 4 |  4.1
Long Blades    | 1 |  1.4
Armour         | 2 |  2.5

Action                   |  1- 3 |  4- 6 |  7- 9 | 10-12 | 13-15 || total
-------------------------+-------+-------+-------+-------+-------++-------
Melee: Scimitar          |       |       |       |    17 |       ||    17
       Punch             |       |       |       |     1 |       ||     1
       Staff             |       |       |       |     1 |     1 ||     2
 Cast: Foxfire           |    78 |    99 |   202 |   104 |    28 ||   511
       Scorch            |     8 |    13 |    34 |   280 |    55 ||   390
       Conjure Flame     |       |       |     1 |       |       ||     1
       Flame Wave        |       |       |       |    17 |     2 ||    19
       Frozen Ramparts   |       |       |       |    22 |     6 ||    28
       Magic Dart        |       |       |       |     1 |       ||     1
       Petrify           |       |       |       |       |     4 ||     4
  Use: Potion            |       |       |     1 |     2 |     2 ||     5
       Scroll            |       |       |       |    13 |     1 ||    14
Armor: Robe              |       |     1 |     3 |     7 |       ||    11
       Troll leather arm |       |       |       |    25 |     1 ||    26
Dodge: Dodged            |     7 |    11 |    19 |   105 |    26 ||   168

Table legend: (Time is in decaauts)
 A = Elapsed time spent in this place.
 B = Non-inter-level travel time spent in this place.
 C = Inter-level travel time spent in this place.
 D = Time resting spent in this place.
 E = Time spent auto-exploring this place.
 F = Levels seen in this place.
 G = Mean time per level.
                   A        B        C        D        E       F      G
               +--------+--------+--------+--------+--------+-----+--------+
         Total |  17361 |  16725 |    636 |   1386 |  13351 |  16 | 1085.1 |
       Dungeon |  14893 |  14366 |    527 |   1274 |  11436 |  12 | 1241.1 |
        Temple |    299 |    268 |     31 |      0 |    253 |   1 |  299.0 |
          Lair |   2167 |   2090 |     77 |    112 |   1662 |   3 |  722.3 |
               +--------+--------+--------+--------+--------+-----+--------+

Top non-repeatable levels by time:
     D:8: 2722 daAuts
     D:1: 1797 daAuts
     D:3: 1460 daAuts
     D:6: 1457 daAuts
     D:9: 1399 daAuts
     D:2: 1252 daAuts
     D:5: 1183 daAuts
     D:4: 1060 daAuts
     D:7: 1049 daAuts
    D:11: 923 daAuts
  Lair:2: 791 daAuts
  Lair:3: 694 daAuts
  Lair:1: 680 daAuts
    D:10: 578 daAuts
  Temple: 299 daAuts
